Map: Acropolis LE

Players

Tezu

  • Race: Protoss Protoss
  • League: Master
  • Spawn Location: 11:00

zuka - Winner!

  • Race: Protoss Protoss
  • League: Master
  • Spawn Location: 5:00

VOD

Have the link to the VOD?

Description

Time

  • Played on: July 3, 2019, 4:15 p.m.
  • Length: 8:26
Show
View Real Time Build Order
Export as new Build Order

Tezu Protoss 

Build Orders: Blink Stalkers 

Get SALT Encoding   

  12  0:00  Probe  
  13  0:12  Probe  
  14  0:19  Pylon  
  14  0:24  Probe  
  15  0:34  Probe  
  15  0:41  Gateway  
  15  0:42  Probe  
  16  0:46  Assimilator  
  17  0:51  Probe  
  18  0:58  Assimilator  
  18  1:03  Probe  
  19  1:10  Gateway  
  19  1:15  Probe  
  20  1:27  Probe  
  20  1:28  Cybernetics Core  
  21  1:39  Probe  
  22  1:42  Pylon  
  22  1:51  Probe  
  23  2:03  Probe  
  23  2:05  Sentry, Stalker  
  28  2:19  Warp Gate  
  28  2:31  Stalker  
  30  2:40  Pylon  
  30  2:46  Twilight Council  
  30  2:47  Probe  
  31  3:01  Stalker  
  33  3:06  Blink  
  33  3:10  Shield Battery  
  33  3:16  Stalker  
  33  3:17  Nexus  
  35  3:45  Robotics Facility  
  35  3:52  Probe  
  36  4:00  Pylon  
  36  4:26  Observer  
  36  4:32  Shield Battery  
  37  4:41  Stalker x2  
  37  4:43  Immortal  
  41  4:49  Pylon  
  41  4:52  Gateway  
  45  5:01  Probe  
  45  5:03  Pylon  
  46  5:09  Immortal  
  46  5:21  Stalker  
  46  5:22  Stalker  
  54  5:35  Gateway  
  54  5:44  Charge  
  54  5:45  Probe  
  57  5:57  Stalker x2  
  57  6:26  Stalker x3  
  63  6:33  Probe x2  
  65  6:45  Probe  
  65  6:46  Probe  
  61  6:50  Stalker x3  
  62  6:59  Observer  
  53  7:20  Immortal, Probe x2  
  54  7:25  Zealot x3  
  60  7:32  Probe x2  
  60  7:34  Forge  
  62  7:44  Probe x2  
  64  7:52  Assimilator  
  64  7:54  Assimilator  
  64  7:56  Zealot x2, Probe x2  
  70  8:00  Pylon  
  66  8:18  Zealot x3  
Show
View Real Time Build Order
Export as new Build Order

zuka Protoss - Winner!

Build Orders: Zealot Archon, Archon Drop, Dark Templar Rush 

Get SALT Encoding   

  12  0:00  Probe  
  13  0:13  Probe  
  14  0:17  Pylon  
  14  0:21  Probe  
  15  0:31  Probe  
  16  0:37  Gateway  
  16  0:41  Probe  
  16  0:46  Assimilator  
  17  0:53  Assimilator  
  17  0:54  Probe  
  18  1:02  Probe  
  18  1:09  Gateway  
  18  1:10  Probe  
  20  1:21  Probe  
  21  1:28  Cybernetics Core  
  21  1:34  Probe  
  21  1:39  Pylon  
  22  1:46  Probe  
  23  1:58  Probe, Stalker  
  24  2:04  Stargate, Warp Gate  
  26  2:21  Twilight Council  
  26  2:23  Probe  
  26  2:27  Stalker  
  29  2:33  Stalker  
  31  2:40  Pylon  
  31  2:57  Dark Shrine  
  31  3:05  Shield Battery  
  31  3:07  Robotics Facility  
  31  3:19  Pylon  
  31  3:35  Nexus  
  31  3:38  Probe  
  32  3:50  Probe  
  32  3:53  Pylon  
  33  4:00  Observer  
  33  4:02  Probe  
  35  4:11  Dark Templar x2  
  35  4:14  Probe  
  35  4:15  Charge  
  40  4:26  Probe  
  41  4:33  Gateway  
  41  4:38  Probe  
  42  4:47  Probe  
  42  4:49  Gateway  
  42  4:50  Probe  
  44  4:55  Probe  
  45  5:03  Probe  
  45  5:04  Probe  
  46  5:13  Gateway  
  47  5:15  Gateway, Probe  
  47  5:16  Probe  
  49  5:22  Warp Prism  
  49  5:24  Dark Templar x2  
  49  5:25  Archon  
  49  5:28  Archon  
  55  5:38  Gateway  
  55  5:41  Zealot  
  57  5:49  Pylon  
  57  5:51  Zealot  
  57  5:56  Zealot  
  61  6:00  Pylon  
  61  6:15  Dark Templar x2  
  61  6:16  Zealot x3  
  61  6:17  Pylon  
  69  6:23  Zealot  
  69  6:34  Zealot  
  69  6:37  Archon  
  69  6:39  Zealot x3  
  65  6:54  Zealot x3  
  63  6:56  Dark Templar  
  63  7:00  Dark Templar  
  65  7:06  Zealot x2  
  61  7:21  Dark Templar  
  63  7:22  Zealot  
  63  7:23  Zealot  
  63  7:25  Gateway  
  63  7:26  Archon  
  63  7:28  Zealot x2  
  71  7:31  Dark Templar  
  73  7:42  Zealot  
  73  7:43  Zealot  
  77  7:44  Zealot  
  77  7:46  Archon  
  77  7:48  Pylon  
  79  7:57  Zealot  
  79  7:58  Zealot x2  
  83  8:17  Zealot x4  
Tags
 
Add a new tag
Caveats
  • Supply blocks, unpowered buildings, or Contaminate may cause inaccurate times.
  • Supply counts are checked every 10 seconds.